Map: Lerilak Crest

Players

Spawny - Winner!

  • Race: Zerg Zerg
  • League: Diamond

LilDicky

  • Race: Terran Terran
  • League: Diamond

VOD

http://www.twitch.tv/tumescentpie

Description

Time

  • Played on: Dec. 7, 2015, 9:47 p.m.
  • Length: 8:22
Show
View Real Time Build Order
Export as new Build Order

Spawny Zerg - Winner!

Build Orders: Pool First 

Get SALT Encoding   

  12  0:01  Drone  
  13  0:12  Overlord  
  13  0:17  Drone  
  14  0:34  Drone x2  
  16  0:41  Drone  
  17  0:57  Spawning Pool  
  16  1:09  Drone  
  17  1:14  Hatchery  
  17  1:17  Drone  
  17  1:21  Drone x2  
  19  1:31  Drone  
  20  1:39  Extractor  
  19  1:42  Drone  
  19  1:46  Queen  
  22  1:53  Overlord  
  22  2:06  Overlord  
  22  2:14  Drone  
  23  2:24  Queen  
  23  2:26  Overlord  
  23  2:27  Drone  
  23  2:28  Queen  
  28  2:36  Drone  
  30  2:37  Drone  
  30  2:43  Metabolic Boost  
  30  2:49  Drone x2  
  32  2:55  Drone x3  
  35  3:00  Drone  
  35  3:01  Drone  
  37  3:12  Drone x2  
  40  3:20  Drone, Queen  
  40  3:21  Drone  
  43  3:30  Drone  
  43  3:31  Drone, Extractor  
  43  3:32  Overlord x2  
  44  3:49  Roach Warren, Queen  
  44  3:51  Drone x5  
  50  3:56  Lair  
  50  3:59  Drone  
  50  4:01  Overlord  
  51  4:20  Extractor  
  51  4:21  Extractor  
  51  4:22  Spore Crawler  
  48  4:29  Roach x4  
  56  4:32  Overlord  
  56  4:37  Hatchery  
  55  4:40  Roach x3  
  61  4:56  Roach x6  
  61  4:59  Drone x2  
  75  5:21  Ravager x3  
  76  5:23  Overlord x3  
  76  5:31  Queen  
  76  5:32  Queen  
  76  5:39  Overlord  
  76  5:42  Zergling x10  
  81  5:44  Spine Crawler x2  
  81  5:45  Roach  
  81  5:54  Roach  
  81  5:55  Roach x2  
  88  5:58  Spine Crawler  
  85  6:06  Roach x4  
  81  6:14  Roach x3  
  78  6:20  Roach x2  
  78  6:23  Drone x2  
  78  6:25  Drone  
  85  6:26  Drone  
  85  6:31  Drone  
  87  6:33  Drone  
  87  6:35  Drone x2  
  87  6:40  Roach x2  
  87  6:43  Drone x2  
  93  6:49  Evolution Chamber, Drone  
  93  6:51  Drone  
  90  7:04  Roach x4  
  90  7:05  Roach x2  
  98  7:13  Roach x2  
  98  7:14  Roach  
  104  7:18  Drone  
  104  7:21  Ravager x3  
  108  7:23  Drone  
  108  7:26  Drone x2  
  111  7:31  Roach  
  111  7:37  Zergling x2  
  114  7:39  Overlord x3  
  114  7:40  Overlord  
  114  7:49  Overlord x3  
  114  7:58  Ravager x3  
  117  8:00  Zergling x10  
  117  8:01  Zergling x4  
  117  8:03  Drone  
Show
View Real Time Build Order
Export as new Build Order

LilDicky Terran 

Build Orders: Liberator Opening 

Get SALT Encoding   

  12  0:02  SCV  
  13  0:14  SCV  
  14  0:20  Supply Depot  
  14  0:26  SCV  
  14  0:28  Refinery  
  15  0:42  SCV  
  16  0:45  Barracks  
  16  0:56  SCV  
  17  1:07  Refinery  
  17  1:08  SCV  
  18  1:23  SCV  
  19  1:33  Marine  
  19  1:36  Supply Depot, Orbital Command  
  20  1:50  Factory  
  20  2:04  SCV  
  20  2:05  Barracks Reactor  
  21  2:16  SCV  
  22  2:28  SCV  
  23  2:34  Armory  
  23  2:41  Starport  
  23  2:46  Marine  
  23  2:49  Marine  
  23  2:51  SCV  
  26  2:59  Supply Depot  
  26  3:03  Factory Tech Lab  
  26  3:05  Marine  
  27  3:09  SCV  
  28  3:13  Marine  
  29  3:26  Thor  
  35  3:33  Medivac  
  37  3:37  Supply Depot  
  37  3:40  SCV  
  37  3:41  Marine  
  39  3:46  Liberator  
  39  3:59  SCV, Marine  
  39  4:00  Supply Depot  
  41  4:09  Siege Tank  
  47  4:22  Marine x2  
  49  4:25  Supply Depot  
  49  4:28  Supply Depot  
  49  4:39  Marine x2  
  51  4:55  Siege Tank  
  54  5:21  Marine  
  54  5:22  Marine  
  54  5:25  Liberator  
  54  5:27  Siege Tank  
  58  5:39  SCV  
  62  5:44  Command Center  
  62  5:47  Supply Depot x2  
  41  6:21  Thor  
  41  6:22  SCV  
  48  6:25  Factory  
  48  6:34  SCV  
  49  6:46  SCV  
  50  6:58  SCV  
  51  7:03  Command Center  
  50  7:10  SCV  
  51  7:22  SCV  
  52  7:31  Siege Tank  
  52  7:33  Starport Reactor  
  52  7:35  SCV  
  56  7:47  SCV  
  60  8:00  Refinery  
  60  8:01  SCV, Refinery  
Tags
 
Add a new tag
Caveats
  • Supply blocks, unpowered buildings, or Contaminate may cause inaccurate times.
  • Supply counts are checked every 10 seconds.